 Dungeon Crawl Stone Soup version 0.22-a0-166-g5351223 (webtiles) character file.

6 seren the Vexing (level 1, 0/7 HPs)
             Began as a Felid Enchanter on Feb 13, 2018.
             Slain by a kobold
             ... wielding a +0 whip
              (7 damage)
             ... on level 1 of the Dungeon.
             The game lasted 00:01:47 (817 turns).

seren the Vexing (Felid Enchanter)                   Turns: 817, Time: 00:01:48

Health: 0/7        AC:  1    Str:  4    XL:     1   Next: 75%
Magic:  3/4        EV: 18    Int: 16    God:
Gold:   39         SH:  0    Dex: 16    Spells: 3/4 levels left
                                        Lives:  0   Deaths: 0

rFire    . . .     SeeInvis +     - Unarmed
rCold    . . .     Gourm    .   (shield unavailable)
rNeg     . . .     Faith    .   (armour unavailable)
rPois    .         Spirit   .   (helmet unavailable)
rElec    .         Reflect  .   (cloak unavailable)
rCorr    .         Harm     .   (gloves unavailable)
MR       .....                  (boots unavailable)
Stlth    +++.......             (no amulet)
HPRegen  0.02/turn              (no ring)
MPRegen  0.09/turn              (no ring)

@: quick
A: very small, no armour, no weapons or thrown items, stealth, claws 1, fangs 3,
see invisible, carnivore, speed 1, shaggy fur 1, slow metabolism 1, sharp paws
a: no special abilities


You were on level 1 of the Dungeon.
You were not hungry.

You visited 1 branch of the dungeon, and saw 2 of its levels.

You collected 39 gold pieces.

Inventory:

Scrolls
 d - a scroll of enchant weapon {unknown}
 e - a scroll of amnesia {unknown}
 f - a scroll of immolation {unknown}
 g - a scroll of remove curse {unknown}
Potions
 c - 2 potions of brilliance {unknown}
Books
 a - a book of Maledictions

   Spells                             Type                      Level
   a - Corona                         Hexes                        1
   b - Ensorcelled Hibernation        Hexes/Ice                    2
   c - Confuse                        Hexes                        3
   d - Tukima's Dance                 Hexes                        3
   e - Dazzling Spray                 Conjuration/Hexes            3
Comestibles
 b - a ration


   Skills:
 + Level 0.1 Fighting
 + Level 2.7 Dodging
 * Level 4.2 Stealth
 + Level 1.1 Unarmed Combat
 + Level 2.0 Spellcasting
 * Level 4.6 Hexes


You had 3 spell levels left.
You knew the following spells:

 Your Spells              Type           Power        Failure   Level  Hunger
a - Corona                Hex            ###....      3%          1    #......


Dungeon Overview and Level Annotations

Branches:
Dungeon (2/15)

Altars:


Innate Abilities, Weirdness & Mutations

You cannot wear armour.
You are incapable of wielding weapons or throwing items.
Your paws allow you to move quietly. (Stealth)
You have sharp claws.
You have razor-sharp teeth.
You have supernaturally acute eyesight. (SInv)
You are carnivorous and can eat meat at any time.
You cover ground quickly.
You are covered in fur. (AC +1)
You have a slow metabolism.
Your sharp claws are effective at attacking unaware monsters.


Message History

You scratch the giant cockroach.
You claw the giant cockroach, but do no damage.
The giant cockroach is severely wounded.
The giant cockroach closely misses you.
You scratch the giant cockroach.
The giant cockroach is almost dead.
The kobold hits you but does no damage. The giant cockroach closely misses you.
You barely miss the giant cockroach.
The giant cockroach is almost dead.
The giant cockroach misses you. The kobold misses you.
The giant cockroach closely misses you.
You barely miss the giant cockroach.
The giant cockroach is almost dead.
The kobold barely misses you. The giant cockroach closely misses you.
You scratch the giant cockroach but do no damage.
You bite the giant cockroach, but do no damage.
The giant cockroach is almost dead.
The kobold hits you with a whip!
Ouch! That really hurt!
You die...

#.#..#.#.#.# ..#..รท.>...#
######### #.#......######.......#
#........#.......####.#
#........#.####.......# ########
...##..#.#.##......##.# #......#
.......#.#.##.#..#.##.###....#.#
##..####.#.##.#.s#.............##
##.......#.....K@.....###.......#
##...########.##>.....# #.#.##..#
#...# ###.######### #.####..#
#...######......# ###.......#
#......K.s......# ......####.)
##...#####..#.##.###.......# #.#


....PPPPPPPPPPPPPPP#.......# #.# ....PPPPPPPPPPPPPPP........# #..
...KPPPPP.....PPPPP...... #.. You could see a giant cockroach and a kobold.

Vanquished Creatures
  A dart slug (D:1)
  A leopard gecko (D:2)
  A hobgoblin (D:1)
3 creatures vanquished.

Notes
Turn   | Place    | Note
-------+----------+-------------------------------------------
     0 | D:1      | seren the Felid Enchanter began the quest for the Orb.
     0 | D:1      | Reached XP level 1. HP: 7/7 MP: 4/4
   817 | D:1      | Slain by a kobold

Vault maps used:
D:1:      roderic_crop_circles_arrival_small, minmay_split_cup_large
D:2:      marbit_many_paths, lemuel_crystal_altar, serial_curves,
          eino_curves_02, eino_curves_02, evilmike_ruin_ashenzari

Action                   || total
-------------------------++-------
Melee: Unarmed           ||    16
       Punch             ||     1
       Bite              ||     1
 Cast: Corona            ||     2
 Stab: Sleeping          ||     1
  Eat: Chunk             ||     2
Armor: Skin              ||     1
Dodge: Dodged            ||    22

Table legend:
 A = Spawn XP
 B = Non-spawn XP
 C = Spawn XP percentage of total XP
 D = Spawn monster count
 E = Non-spawn monster count
 F = Spawn count percentage of total count
 G = Total turns spent on level
                    A         B        C        D         E        F      G
               +---------+---------+-------+---------+---------+-------+---------
         Total |       0 |       9 |   0.0 |       0 |       3 |   0.0 |   817
               +---------+---------+-------+---------+---------+-------+---------
           D:1 |       0 |       6 |   0.0 |       0 |       2 |   0.0 |   523
           D:2 |       0 |       3 |   0.0 |       0 |       1 |   0.0 |   294
               +---------+---------+-------+---------+---------+-------+---------
